 Dungeon Crawl Stone Soup version 0.19-a0-1401-g902f63d (webtiles) character file.

49 epen the Insei (level 3, -1/28 HPs)
             Began as a Demigod Transmuter on Sept 4, 2016.
             Killed from afar by a dart slug (8 damage)
             ... with a slug dart
             ... on level 2 of the Dungeon.
             The game lasted 00:01:54 (1958 turns).

epen the Insei (Demigod Transmuter)                 Turns: 1958, Time: 00:01:54

Health: -1/28      AC:  2    Str: 13    XL:     3   Next: 33%
Magic:  8/8        EV: 12    Int: 19    God:
Gold:   56         SH:  0    Dex: 14    Spells: 2 memorised, 2 levels left

rFire  . . .     SeeInvis .       - Unarmed
rCold  . . .     Gourm    .     b - +0 robe
rNeg   . . .     Faith    .     (no shield)
rPois  .         Spirit   .     (no helmet)
rElec  .         Dismiss  .     (no cloak)
rCorr  .         Reflect  .     (no gloves)
MR     .....     Harm     .     (no boots)
Stlth  +.........               (no amulet)
                                (no ring)
                                j - -2 ring of dexterity (curse)

@: no status effects
A: high mp 1
a: no special abilities


You were on level 2 of the Dungeon.
You were very hungry.

You visited 1 branch of the dungeon, and saw 2 of its levels.

You collected 56 gold pieces.

Inventory:

Missiles
 a - 37 arrows
Armour
 b - a +0 robe (worn)
Jewellery
 j - a cursed -2 ring of dexterity (left hand)
Scrolls
 e - a scroll of recharging {unknown}
 g - 2 scrolls of identify {unknown}
 k - a scroll of immolation {unknown}
Potions
 h - a potion of agility {unknown}
 i - a potion of mutation {unknown}
Books
 c - a book of Changes

   Spells                             Type                      Level
   a - Beastly Appendage              Transmutation                1
   b - Sticks to Snakes               Transmutation                2
   c - Spider Form                    Transmutation/Poison         3
   d - Ice Form                       Ice/Transmutation            4
   e - Blade Hands                    Transmutation                5
Comestibles
 d - 2 bread rations
 f - a slice of pizza


   Skills:
 + Level 1.5 Fighting
 + Level 2.1 Dodging
 * Level 3.2 Unarmed Combat
 + Level 1.9 Spellcasting
 * Level 2.3 Transmutations


You had 2 spell levels left.
You knew the following spells:

 Your Spells              Type           Power        Failure   Level  Hunger
a - Beastly Appendage     Tmut           ##....       10%         1    #......
b - Sticks to Snakes      Tmut           ##......     12%         2    ###....


Dungeon Overview and Level Annotations

Branches:
Dungeon (2/15)


Innate Abilities, Weirdness & Mutations

You have an increased reservoir of magic. (+10% MP)


Message History

The dart slug is moderately wounded.
The dart slug bites you. The goblin closely misses you.
You barely miss the dart slug.
The dart slug is moderately wounded.
The goblin closely misses you.
You hit the dart slug but do no damage.
The dart slug is moderately wounded.
The goblin hits you with a club. The goblin closely misses you.
The dart slug bites you.
A kobold comes into view.
The kobold shouts!
You hit the dart slug.
The dart slug is heavily wounded.
The kobold throws a stone.
The stone closely misses you.
The stone hits the dart slug.
The goblin hits you with a club.
* * * LOW HITPOINT WARNING * * *
The goblin misses you. The dart slug launches a dart at you.
The slug dart hits you!
You die...

#..#
##.####.##
#.........
#.K####.##
#..## #...#
#.#.##
#.#..#
#.##@#
#.#ggw..#
#.#.....#
..+.......
#.#.....##.#
#.....# #
###...# #.)#


You could see a dart slug, 2 goblins and a kobold.

Vanquished Creatures
  A gnoll (D:1)
  An adder (D:2)
  2 giant geckos
  2 bats
  2 giant cockroaches (D:1)
  7 goblins
  2 hobgoblins
  2 kobolds (D:1)
  2 giant newts (D:1)
  8 rats
29 creatures vanquished.

Notes
Turn   | Place    | Note
-------+----------+-------------------------------------------
     0 | D:1      | epen the Demigod Transmuter began the quest for the Orb.
     0 | D:1      | Reached XP level 1. HP: 15/15 MP: 5/5
   564 | D:2      | Reached skill level 1 in Fighting
   659 | D:2      | Reached XP level 2. HP: 21/23 MP: 7/7
   664 | D:2      | Reached skill level 3 in Unarmed Combat
   682 | D:2      | Learned a level 2 spell: Sticks to Snakes
  1095 | D:1      | Reached XP level 3. HP: 24/28 MP: 8/8
  1636 | D:2      | HP: 1/28 [poisoned by an adder]
  1958 | D:2      | Killed from afar by a dart slug

Vault maps used:
D:1:      moated_graveyard_arrival, amethyst_killhole, st_stairs_7,
          hangedman_decor_opposing, grunt_decor_arrowhead,
          minmay_misc_feat_plants
D:2:      amethyst_overflow_temple_binary, first_bread, minmay_tetromino_o2

Skill      XL: |  1  2 |
---------------+-------+-----
Fighting       | 1 |  1.5
Dodging        | 2 |  2.1
Transmutations | 2 |  2.3
Unarmed Combat | 3 |  3.2
Spellcasting   | |  1.9

Action                   || total
-------------------------++-------
Melee: Unarmed           ||   125
       Punch             ||     2
 Stab: Sleeping          ||     3
  Eat: Chunk             ||     2
Armor: Robe              ||    16
Dodge: Dodged            ||    86
